Patriotes vs Sasquatch

Created - November 20, 2018 at 22:34

Goals
1 2 3 T
Patriotes 0 0 3 3
Sasquatch 2 2 3 7
Shots
1 2 3 T
Patriotes 9 9 13 31
Sasquatch 9 13 17 39

1st period

1. Sasquatch , Jeff Skinner 6 (Drew Shore 12) at 11:33
2. Sasquatch , Matt Halischuk 7 (Drew Shore 13) at 14:52 (PP)

Penalties :
Shane Sims (Nyc) for Tripping (Minor) at 2:18, Anthony Bitetto (Nyc) for High sticking (Minor) at 14:48, Drew Shore (Gat) for Hooking (Minor) at 19:23

2nd period

3. Sasquatch , Jesper Fast 6 (Dougie Hamilton 14, Jeff Skinner 9) at 9:14
4. Sasquatch , Melker Karlsson 4 (Matt Halischuk 13) at 16:58

Penalties :
Drew Shore (Gat) for Cross-checking (Minor) at 14:25

3rd period

5. Sasquatch , Brock Trotter 5 (Drew Shore 14, Melker Karlsson 7) at 2:55
6. Patriotes , Jason Zucker 13 (Anthony Bitetto 7, Thomas Greiss) at 5:41 (SH)
7. Sasquatch , Matt Halischuk 8 (Teemu Hartikainen 3, Slava Voynov 9) at 11:15
8. Sasquatch , Brock Trotter 6 (Teemu Hartikainen 4) at 13:54
9. Patriotes , Matt Calvert 6 (Evgeny Kuznetsov 15, Jason Zucker 14) at 17:33
10. Patriotes , Austin Watson 1 (Jason Zucker 15, Timothy Kunes 16) at 17:55 (PP)

Penalties :
Drew Shore (Gat) for High sticking (Minor) at 0:43, Patrick Wey (Gat) for Fighting (Major) at 3:50, Tyler Randell (Nyc) for Fighting (Major) at 3:50, Tyler Randell (Nyc) for instigated a fight (Minor) at 3:50, Tyler Randell (Nyc) for instigated and being the aggresor in a fight (20 Minutes Game Misconduct) at 3:50, Dougie Hamilton (Gat) for Roughing (Minor) at 17:44

Goalie Stats

Thomas Greiss (Nyc), 32 saves from 39 shots - (0.821), L, 5-6-0, 60:00 minutes
Corey Crawford (Gat), 28 saves from 31 shots - (0.903), W, 6-5-1, 60:00 minutes

Players Stats for Patriotes

Player Name              G  A  P  +/- PIM S  H  SB GA TA FO     MP     PP MP  PK MP  
------------------------------------------------------------------------------------
Aleksander Barkov        0  0  0  -2  0   0  1  0  1  0  1/3    10:40   0:00   0:00 
Anthony Bitetto          0  1  1   0  2   3  1  2  3  1  0/0    28:39   4:25   2:55 
Austin Watson            1  0  1   0  0   1  0  0  0  0  0/1     5:51   0:19   0:12 
Borna Rendulic           0  0  0  -2  0   0  0  0  0  0  0/0    10:40   0:00   0:00 
Christian Hanson         0  0  0  -1  0   4  3  0  0  1  19/37  23:24   3:48   2:16 
Dale Weise               0  0  0  -1  0   0  0  0  0  0  0/0     7:24   0:00   0:00 
David Kolomatis          0  0  0  -2  0   1  1  1  0  0  0/0    18:10   1:43   1:14 
Dillon Heatherington     0  0  0  -2  0   0  1  1  0  0  0/0    13:55   0:00   1:01 
Emerson Etem             0  0  0  -1  0   0  0  0  0  0  0/0    16:37   2:12   0:00 
Evgeny Kuznetsov         0  1  1  -1  0   1  1  2  1  0  2/9    17:09   2:20   0:23 
Jared Knight             0  0  0  -1  0   1  1  0  1  0  0/3     7:24   0:00   0:00 
Jason Zucker             1  2  3  -1  0   5  3  0  1  0  3/7    23:23   3:48   2:15 
Justin Florek            0  0  0  -2  0   2  0  0  2  0  0/1    10:40   0:00   0:00 
Mario Lucia              0  0  0   0  0   0  0  0  0  0  0/0     0:00   0:00   0:00 
Matt Calvert             1  0  1   0  0   4  2  0  0  0  0/1    17:59   2:20   1:13 
Maxim Mamin              0  0  0   0  0   0  0  0  0  0  0/0     0:00   0:00   0:00 
Riley Barber             0  0  0   1  0   0  0  0  0  0  0/1     1:35   0:00   1:03 
Robert Baillargeon       0  0  0   0  0   0  0  0  0  0  0/0     0:00   0:00   0:00 
Ryan Fitzgerald          0  0  0   0  0   0  0  0  0  0  0/0     0:00   0:00   0:00 
Shane Sims               0  0  0  -2  2   3  0  0  0  1  0/0    17:20   1:43   0:25 
Shea Theodore            0  0  0  -2  0   1  0  5  0  0  0/0    13:17   0:00   0:00 
Timothy Kunes            0  1  1   0  0   1  1  1  1  0  0/0    28:37   4:25   2:29 
Tyler Randell            0  0  0  -1  27  3  3  0  1  1  2/3    15:47   3:37   0:42 
Vince Hinostroza         0  0  0  -1  0   1  0  1  0  0  0/1     7:24   0:00   0:00 

Players Stats for Sasquatch

Player Name              G  A  P  +/- PIM S  H  SB GA TA FO     MP     PP MP  PK MP  
------------------------------------------------------------------------------------
Andrew Campbell          0  0  0   2  0   0  0  2  0  1  0/0    12:02   0:00   0:11 
Brett Pesce              0  0  0   2  0   0  0  0  0  1  0/0    14:43   1:16   0:00 
Brock Trotter            2  0  2   2  0   3  2  0  2  0  0/1    14:03   1:40   1:54 
Devin Shore              0  0  0   1  0   0  1  0  0  0  6/13   12:59   0:00   3:37 
Dougie Hamilton          0  1  1   1  2   2  2  1  0  2  0/0    28:15   2:33   4:10 
Drew Shore               0  3  3   1  6   6  3  0  0  0  21/34  21:57   2:22   0:11 
Jeff Skinner             1  1  2   0  0   6  1  0  0  1  0/0    20:42   2:22   0:19 
Jesper Fast              1  0  1   1  0   3  2  0  1  0  0/0    19:29   1:40   0:00 
Martin Marincin          0  0  0   1  0   0  0  0  0  3  0/0    20:24   1:29   1:47 
Matt Halischuk           2  1  3   1  0   6  2  0  0  0  2/2    17:00   2:09   0:00 
Melker Karlsson          1  1  2   3  0   4  2  0  0  0  9/14   16:38   1:28   0:13 
Nicolas Deslauriers      0  0  0   0  0   3  0  0  1  0  0/0    10:09   0:00   3:47 
Patrick Wey              0  0  0   1  5   1  3  2  0  1  0/0    24:27   1:17   4:21 
Petr Straka              0  0  0   1  0   0  3  0  0  0  0/0     9:22   0:00   0:00 
Slava Voynov             0  1  1   1  0   0  1  0  0  2  0/0    20:07   1:29   1:47 
Sven Andrighetto         0  0  0   0  0   0  0  0  0  0  0/0     6:22   0:00   0:00 
T.J. Tynan               0  0  0   0  0   0  1  0  0  0  2/2    10:02   0:25   2:07 
Teemu Hartikainen        0  2  2   2  0   5  3  0  0  0  0/1    15:06   0:00   0:08 

3 Stars

1 - Matt Halischuk (Gat)
2 - Brock Trotter (Gat)
3 - Melker Karlsson (Gat)

Power Play

Patriotes - 1 on 4 Attempt(s) - 25.00%
Sasquatch - 1 on 3 Attempt(s) - 33.33%

Penalty Kill

Patriotes - 2 on 3 Attempt(s) - 66.67% - Score 1 goal in Penalty Kill
Sasquatch - 3 on 4 Attempt(s) - 75.00% - Score 0 goal in Penalty Kill

Team Stat

Patriotes - Hits : 18 - Faceoff Wins : 27 - Blocked Shots : 13 - Penalty Minutes : 31
Sasquatch - Hits : 26 - Faceoff Wins : 40 - Blocked Shots : 5 - Penalty Minutes : 13

Official

Referees : Unknown
Linesman : Unknown

Game Notes

Tyler Randell beats up Patrick Wey at 3:50 of 3rd period
Tyler Randell ejected from game at 3:50 of 3rd period

Finance

Level 1 -- Attendance: 1515 (75.75%) -- Ticket Income $60,600
Level 2 -- Attendance: 769 (76.90%) -- Ticket Income $15,380
Total Attendance: 2284 (76.13%)
Total Ticket Income: $75,980
Other Income: $3,799
Total Income: $79,779

Patriotes

5 vs 5 Forward 
   Center                   Left Wing                Right Wing               Time % Phy DF OF 
 1 Christian Hanson         Jason Zucker             Tyler Randell            40     1   2  2  
 2 Evgeny Kuznetsov         Matt Calvert             Emerson Etem             30     1   2  2  
 3 Aleksander Barkov        Justin Florek            Borna Rendulic           20     1   2  2  
 4 Jared Knight             Vince Hinostroza         Dale Weise               10     1   2  2  

5 vs 5 Defense 
   Defense                  Defense                                           Time % Phy DF OF 
 1 Timothy Kunes            Anthony Bitetto                                   40     1   2  2  
 2 Shane Sims               David Kolomatis                                   30     1   2  2  
 3 Shea Theodore            Dillon Heatherington                              20     1   2  2  
 4 Timothy Kunes            Anthony Bitetto                                   10     1   2  2  

PowerPlay Forward 
   Center                   Left Wing                Right Wing               Time % Phy DF OF 
 1 Christian Hanson         Jason Zucker             Tyler Randell            60     1   2  2  
 2 Evgeny Kuznetsov         Matt Calvert             Emerson Etem             40     1   2  2  

PowerPlay Defense
   Defense                  Defense                                           Time % Phy DF OF 
 1 Timothy Kunes            Anthony Bitetto                                   60     1   2  2  
 2 Shane Sims               David Kolomatis                                   40     1   2  2  

Penalty Kill 4 Players Forward 
   Center                   Wing                     Time % Phy DF OF 
 1 Jason Zucker             Christian Hanson         60     1   2  2  
 2 Tyler Randell            Matt Calvert             40     1   2  2  

Penalty Kill 4 Players Defense
   Defense                  Defense                  Time % Phy DF OF 
 1 Timothy Kunes            Anthony Bitetto          60     1   2  2  
 2 Shane Sims               David Kolomatis          40     1   2  2  

Penalty Kill - 3 Players Forward 
   Forward                                           Time % Phy DF OF 
 1 Jason Zucker                                      60     1   2  2  
 2 Christian Hanson                                  40     1   2  2  

Penalty Kill - 3 Players Defense
   Defense                  Defense                  Time % Phy DF OF 
 1 Timothy Kunes            Anthony Bitetto          60     1   2  2  
 2 Shane Sims               David Kolomatis          40     1   2  2  

4 vs 4 Forward 
   Center                   Wing                     Time % Phy DF OF 
 1 Jason Zucker             Christian Hanson         60     1   2  2  
 2 Tyler Randell            Matt Calvert             40     1   2  2  

4 vs 4 Defense
   Defense                  Defense                  Time % Phy DF OF 
 1 Timothy Kunes            Anthony Bitetto          60     1   2  2  
 2 Shane Sims               David Kolomatis          40     1   2  2  

Last Minutes Offensive
   Center                   Left Wing                Right Wing               Defense                  Defense                  
   Christian Hanson         Jason Zucker             Tyler Randell            Timothy Kunes            Anthony Bitetto          

Last Minutes Defensive
   Center                   Left Wing                Right Wing               Defense                  Defense                  
   Christian Hanson         Jason Zucker             Tyler Randell            Timothy Kunes            Anthony Bitetto          

Goaltenders
Starting : Thomas Greiss            
Backup : Andrei Vasilevskiy       

Extra Forwards
Normal : Austin Watson, Ryan Fitzgerald, Riley Barber - PP : Austin Watson, Ryan Fitzgerald - PK : Riley Barber
Extra Defensemen
Normal : Shea Theodore, Dillon Heatherington, Shane Sims - PP : Shea Theodore - PK : Dillon Heatherington, Shane Sims
Penalty Shots
Jason Zucker, Christian Hanson, Tyler Randell, Matt Calvert, Evgeny Kuznetsov

Scratches
Aaron Ness (Healthy), Phoenix Copley (Healthy)

Sasquatch

5 vs 5 Forward 
   Center                   Left Wing                Right Wing               Time % Phy DF OF 
 1 Drew Shore               Jeff Skinner             Jesper Fast              40     1   2  2  
 2 Melker Karlsson          Teemu Hartikainen        Matt Halischuk           30     1   2  2  
 3 Devin Shore              Brock Trotter            Petr Straka              20     1   2  2  
 4 T.J. Tynan               Nicolas Deslauriers      Sven Andrighetto         10     1   2  2  

5 vs 5 Defense 
   Defense                  Defense                                           Time % Phy DF OF 
 1 Patrick Wey              Dougie Hamilton                                   40     1   2  2  
 2 Martin Marincin          Slava Voynov                                      30     1   2  2  
 3 Brett Pesce              Andrew Campbell                                   20     1   2  2  
 4 Patrick Wey              Dougie Hamilton                                   10     1   2  2  

PowerPlay Forward 
   Center                   Left Wing                Right Wing               Time % Phy DF OF 
 1 Drew Shore               Jeff Skinner             Matt Halischuk           60     1   2  2  
 2 Melker Karlsson          Brock Trotter            Jesper Fast              40     1   2  2  

PowerPlay Defense
   Defense                  Defense                                           Time % Phy DF OF 
 1 Patrick Wey              Dougie Hamilton                                   60     1   2  2  
 2 Martin Marincin          Slava Voynov                                      40     1   2  2  

Penalty Kill 4 Players Forward 
   Center                   Wing                     Time % Phy DF OF 
 1 Drew Shore               Nicolas Deslauriers      60     1   2  2  
 2 T.J. Tynan               Teemu Hartikainen        40     1   2  2  

Penalty Kill 4 Players Defense
   Defense                  Defense                  Time % Phy DF OF 
 1 Patrick Wey              Dougie Hamilton          60     1   2  2  
 2 Martin Marincin          Slava Voynov             40     1   2  2  

Penalty Kill - 3 Players Forward 
   Forward                                           Time % Phy DF OF 
 1 Drew Shore                                        60     1   2  2  
 2 Melker Karlsson                                   40     1   2  2  

Penalty Kill - 3 Players Defense
   Defense                  Defense                  Time % Phy DF OF 
 1 Patrick Wey              Dougie Hamilton          60     1   2  2  
 2 Martin Marincin          Slava Voynov             40     1   2  2  

4 vs 4 Forward 
   Center                   Wing                     Time % Phy DF OF 
 1 Drew Shore               Jeff Skinner             60     1   2  2  
 2 Matt Halischuk           Brock Trotter            40     1   2  2  

4 vs 4 Defense
   Defense                  Defense                  Time % Phy DF OF 
 1 Patrick Wey              Dougie Hamilton          60     1   2  2  
 2 Martin Marincin          Slava Voynov             40     1   2  2  

Last Minutes Offensive
   Center                   Left Wing                Right Wing               Defense                  Defense                  
   Drew Shore               Jeff Skinner             Jesper Fast              Patrick Wey              Dougie Hamilton          

Last Minutes Defensive
   Center                   Left Wing                Right Wing               Defense                  Defense                  
   Drew Shore               Jeff Skinner             Jesper Fast              Patrick Wey              Dougie Hamilton          

Goaltenders
Starting : Corey Crawford           
Backup : Joonas Korpisalo         

Extra Forwards
Normal : T.J. Tynan, Teemu Hartikainen, Devin Shore - PP : T.J. Tynan, Teemu Hartikainen - PK : Devin Shore
Extra Defensemen
Normal : Brett Pesce, Andrew Campbell, Martin Marincin - PP : Brett Pesce - PK : Andrew Campbell, Martin Marincin
Penalty Shots
Jeff Skinner, Melker Karlsson, Devin Shore, Petr Straka, Matt Halischuk

Scratches
Sergey Kalinin (Chest/Ribs Injury), Ryan Dzingel (Healthy), Ty Rattie (Healthy), Ryan Pulock (Healthy), Joey Laleggia (Healthy)
Cal Petersen (Healthy)

% Time on Ice - Patriotes

Lines # - Real PCT - Wanted PCT - Time Play
Normal Forward
1 - 35% - 40% - 17:20
2 - 29% - 30% - 14:26
3 - 21% - 20% - 10:40
4 - 15% - 10% - 7:24
Normal Defense
1 - 40% - 40% - 19:53
2 - 31% - 30% - 15:33
3 - 25% - 20% - 12:34
4 - 4% - 10% - 1:50
PP Forward
1 - 62% - 60% - 3:48
2 - 38% - 40% - 2:20
PP Defense
1 - 72% - 60% - 4:25
2 - 28% - 40% - 1:43
PK Forward
1 - 70% - 60% - 2:49
2 - 30% - 40% - 1:13
PK Defense
1 - 62% - 60% - 2:29
2 - 38% - 40% - 1:33
PK3 Forward
1 - 0% - 60%
2 - 0% - 40%
PK3 Defense
1 - 0% - 60%
2 - 0% - 40%
44 Forward
1 - 0% - 60%
2 - 0% - 40%
44 Defense
1 - 0% - 60%
2 - 0% - 40%
Last Minute Offensive  - 0:00
Last Minute Defensive  - 0:00
Total
Forward - 60:00
Defense - 60:00

% Time on Ice - Sasquatch

Lines # - Real PCT - Wanted PCT - Time Play
Normal Forward
1 - 39% - 40% - 19:27
2 - 29% - 30% - 14:39
3 - 19% - 20% - 9:22
4 - 13% - 10% - 6:22
Normal Defense
1 - 39% - 40% - 19:33
2 - 34% - 30% - 16:51
3 - 23% - 20% - 11:26
4 - 4% - 10% - 2:00
PP Forward
1 - 59% - 60% - 2:22
2 - 41% - 40% - 1:40
PP Defense
1 - 63% - 60% - 2:33
2 - 37% - 40% - 1:29
PK Forward
1 - 98% - 60% - 6:00
2 - 2% - 40% - 0:08
PK Defense
1 - 71% - 60% - 4:21
2 - 29% - 40% - 1:47
PK3 Forward
1 - 0% - 60%
2 - 0% - 40%
PK3 Defense
1 - 0% - 60%
2 - 0% - 40%
44 Forward
1 - 0% - 60%
2 - 0% - 40%
44 Defense
1 - 0% - 60%
2 - 0% - 40%
Last Minute Offensive  - 0:00
Last Minute Defensive  - 0:00
Total
Forward - 60:00
Defense - 60:00

Play by Play

1st period


0:01 of 1st period - Drew Shore wins face-off versus Christian Hanson in neutral zone.
0:17 of 1st period - Off-side.
0:18 of 1st period - Evgeny Kuznetsov wins face-off versus Melker Karlsson in neutral zone.
1:14 of 1st period - Off-side.
1:15 of 1st period - Aleksander Barkov wins face-off versus Drew Shore in neutral zone.
1:40 of 1st period - Melker Karlsson is hit by Tyler Randell.
1:50 of 1st period - Snap shot by Christian Hanson.
1:50 of 1st period - Deflect By Jason Zucker.
1:50 of 1st period - Stopped by Corey Crawford with a rebound.
2:18 of 1st period - Minor Penalty to Shane Sims for Tripping.
2:19 of 1st period - Jason Zucker wins face-off versus Drew Shore in Patriotes zone.
2:29 of 1st period - Christian Hanson is hit by Drew Shore and loses puck.
4:18 of 1st period - Penalty to Shane Sims is over, Shane Sims is back on ice.
4:30 of 1st period - Wrist shot by T.J. Tynan.
4:30 of 1st period - Shot Misses the Net.
4:50 of 1st period - Andrew Campbell is hit by Jared Knight and loses puck.
5:49 of 1st period - Martin Marincin is hit by Christian Hanson and loses puck.
6:22 of 1st period - Slapshot by Shane Sims.
6:22 of 1st period - Stopped by Corey Crawford without a rebound.
6:23 of 1st period - Devin Shore wins face-off versus Vince Hinostroza in Sasquatch zone.
6:28 of 1st period - Slapshot by Devin Shore.
6:28 of 1st period - Shot Blocked by Shea Theodore.
7:05 of 1st period - Timothy Kunes is hit by Matt Halischuk and loses puck.
7:23 of 1st period - Snap shot by Matt Calvert.
7:23 of 1st period - Stopped by Corey Crawford with a rebound.
7:53 of 1st period - Wrist shot by Jesper Fast.
7:53 of 1st period - Shot Blocked by Shea Theodore.
8:24 of 1st period - Off-side.
8:25 of 1st period - Melker Karlsson wins face-off versus Jared Knight in neutral zone.
8:34 of 1st period - Snap shot by Teemu Hartikainen.
8:34 of 1st period - Stopped by Thomas Greiss with a rebound.
8:36 of 1st period - Wrist shot by Teemu Hartikainen.
8:36 of 1st period - Shot Blocked by Vince Hinostroza.
8:59 of 1st period - Wrist shot by Tyler Randell.
8:59 of 1st period - Stopped by Corey Crawford without a rebound.
9:00 of 1st period - Drew Shore wins face-off versus Evgeny Kuznetsov in Sasquatch zone.
9:25 of 1st period - Snap shot by Jason Zucker.
9:25 of 1st period - Shot Misses the Net.
9:27 of 1st period - Snap shot by Jason Zucker.
9:27 of 1st period - Stopped by Corey Crawford with a rebound.
10:11 of 1st period - Slapshot by Jeff Skinner.
10:11 of 1st period - Shot Misses the Net.
10:51 of 1st period - Snap shot by Teemu Hartikainen.
10:51 of 1st period - Shot Misses the Net.
10:59 of 1st period - Wrist shot by Jason Zucker.
10:59 of 1st period - Shot Misses the Net.
11:01 of 1st period - Wrist shot by Jason Zucker.
11:01 of 1st period - Shot Misses the Net.
11:03 of 1st period - Snap shot by Jason Zucker.
11:03 of 1st period - Shot Misses the Net.
11:15 of 1st period - Snap shot by Justin Florek.
11:15 of 1st period - Stopped by Corey Crawford without a rebound.
11:16 of 1st period - Devin Shore wins face-off versus Aleksander Barkov in Sasquatch zone.
11:16 of 1st period - Devin Shore is hit by Aleksander Barkov.
11:24 of 1st period - Slapshot by Shane Sims.
11:24 of 1st period - Deflect By Aleksander Barkov.
11:24 of 1st period - Shot Misses the Net.
11:24 of 1st period - Puck is out of play.
11:25 of 1st period - Drew Shore wins face-off versus Christian Hanson in Sasquatch zone.
11:25 of 1st period - Drew Shore is hit by Jason Zucker.
11:31 of 1st period - Slapshot by Drew Shore.
11:31 of 1st period - Stopped by Thomas Greiss without a rebound.
11:32 of 1st period - Drew Shore wins face-off versus Tyler Randell in Patriotes zone.
11:33 of 1st period - Slapshot by Jeff Skinner.
11:33 of 1st period - Goal by Jeff Skinner - Patriotes : 0 - Sasquatch : 1.
11:34 of 1st period - Drew Shore wins face-off versus Christian Hanson in neutral zone.
11:50 of 1st period - Snap shot by Jason Zucker.
11:50 of 1st period - Shot Misses the Net.
12:04 of 1st period - Snap shot by Matt Halischuk.
12:04 of 1st period - Shot Blocked by Anthony Bitetto.
13:12 of 1st period - Snap shot by Melker Karlsson.
13:12 of 1st period - Stopped by Thomas Greiss without a rebound.
13:13 of 1st period - Melker Karlsson wins face-off versus Christian Hanson in Patriotes zone.
13:14 of 1st period - Wrist shot by Matt Halischuk.
13:14 of 1st period - Stopped by Thomas Greiss with a rebound.
13:47 of 1st period - Dillon Heatherington is hit by Teemu Hartikainen and loses puck.
13:55 of 1st period - Icing by Vince Hinostroza.
13:56 of 1st period - Drew Shore wins face-off versus Jared Knight in Patriotes zone.
13:59 of 1st period - Wrist shot by Drew Shore.
13:59 of 1st period - Shot Misses the Net.
14:05 of 1st period - Snap shot by Drew Shore.
14:05 of 1st period - Deflect By Jeff Skinner.
14:05 of 1st period - Shot Blocked by Shea Theodore.
14:05 of 1st period - Puck is out of play.
14:06 of 1st period - Tyler Randell wins face-off versus Drew Shore in Patriotes zone.
14:06 of 1st period - Tyler Randell is hit by Jesper Fast.
14:48 of 1st period - Minor Penalty to Anthony Bitetto for High sticking.
14:49 of 1st period - Drew Shore wins face-off versus Jason Zucker in Patriotes zone.
14:52 of 1st period - Slapshot by Matt Halischuk.
14:52 of 1st period - Goal by Matt Halischuk - Patriotes : 0 - Sasquatch : 2.
14:53 of 1st period - Drew Shore wins face-off versus Christian Hanson in neutral zone.
16:09 of 1st period - Wrist shot by Nicolas Deslauriers.
16:09 of 1st period - Shot Misses the Net.
16:17 of 1st period - Slapshot by Shane Sims.
16:17 of 1st period - Stopped by Corey Crawford with a rebound.
17:02 of 1st period - Off-side.
17:03 of 1st period - Drew Shore wins face-off versus Christian Hanson in neutral zone.
17:06 of 1st period - Snap shot by Jeff Skinner.
17:06 of 1st period - Stopped by Thomas Greiss without a rebound.
17:07 of 1st period - Christian Hanson wins face-off versus Drew Shore in Patriotes zone.
17:20 of 1st period - Wrist shot by Christian Hanson.
17:20 of 1st period - Shot Misses the Net.
17:32 of 1st period - Slapshot by Devin Shore.
17:32 of 1st period - Shot Blocked by Anthony Bitetto.
17:38 of 1st period - Wrist shot by Matt Calvert.
17:38 of 1st period - Shot Misses the Net.
17:40 of 1st period - Slapshot by Evgeny Kuznetsov.
17:40 of 1st period - Shot Misses the Net.
17:42 of 1st period - Snap shot by Anthony Bitetto.
17:42 of 1st period - Stopped by Corey Crawford with a rebound.
18:37 of 1st period - Snap shot by Drew Shore.
18:37 of 1st period - Shot Blocked by Shea Theodore.
18:39 of 1st period - Snap shot by Jesper Fast.
18:39 of 1st period - Shot Misses the Net.
18:41 of 1st period - Wrist shot by Drew Shore.
18:41 of 1st period - Stopped by Thomas Greiss with a rebound.
18:53 of 1st period - Snap shot by Petr Straka.
18:53 of 1st period - Shot Misses the Net.
18:55 of 1st period - Slapshot by Brock Trotter.
18:55 of 1st period - Stopped by Thomas Greiss with a rebound.
18:57 of 1st period - Snap shot by Andrew Campbell.
18:57 of 1st period - Shot Blocked by Evgeny Kuznetsov.
18:59 of 1st period - Wrist shot by Petr Straka.
18:59 of 1st period - Deflect By Matt Calvert.
18:59 of 1st period - Shot Blocked by Evgeny Kuznetsov.
18:59 of 1st period - Puck is out of play.
19:00 of 1st period - Christian Hanson wins face-off versus Drew Shore in Patriotes zone.
19:00 of 1st period - Christian Hanson is hit by Patrick Wey.
19:03 of 1st period - Icing by Anthony Bitetto.
19:04 of 1st period - Christian Hanson wins face-off versus Drew Shore in Patriotes zone.
19:04 of 1st period - Christian Hanson is hit by Jesper Fast.
19:14 of 1st period - Snap shot by Jason Zucker.
19:14 of 1st period - Stopped by Corey Crawford without a rebound.
19:15 of 1st period - Christian Hanson wins face-off versus Drew Shore in Sasquatch zone.
19:23 of 1st period - Minor Penalty to Drew Shore for Hooking.
19:24 of 1st period - Christian Hanson wins face-off versus Devin Shore in Sasquatch zone.
19:38 of 1st period - Snap shot by Christian Hanson.
19:38 of 1st period - Shot Misses the Net.
19:40 of 1st period - Slapshot by Timothy Kunes.
19:40 of 1st period - Deflect By Tyler Randell.
19:40 of 1st period - Shot Hit the Post.
19:40 of 1st period - Puck is out of play.
19:41 of 1st period - Devin Shore wins face-off versus Christian Hanson in Sasquatch zone.
Goals for this period are 0 for Patriotes vs 2 for Sasquatch.
Shots for this period are 9 for Patriotes vs 9 for Sasquatch.

2nd period


0:01 of 2nd period - Christian Hanson wins face-off versus Devin Shore in neutral zone.
0:08 of 2nd period - Wrist shot by Jason Zucker.
0:08 of 2nd period - Stopped by Corey Crawford with a rebound.
1:23 of 2nd period - Penalty to Drew Shore is over, Drew Shore is back on ice.
1:49 of 2nd period - Snap shot by Drew Shore.
1:49 of 2nd period - Stopped by Thomas Greiss with a rebound.
2:07 of 2nd period - Dougie Hamilton is hit by Dillon Heatherington and loses puck.
2:30 of 2nd period - Slapshot by Dougie Hamilton.
2:30 of 2nd period - Stopped by Thomas Greiss without a rebound.
2:31 of 2nd period - Matt Halischuk wins face-off versus Christian Hanson in Patriotes zone.
2:40 of 2nd period - Wrist shot by Teemu Hartikainen.
2:40 of 2nd period - Stopped by Thomas Greiss without a rebound.
2:41 of 2nd period - Christian Hanson wins face-off versus Melker Karlsson in Patriotes zone.
3:03 of 2nd period - Snap shot by Matt Halischuk.
3:03 of 2nd period - Stopped by Thomas Greiss with a rebound.
3:19 of 2nd period - Snap shot by Tyler Randell.
3:19 of 2nd period - Shot Misses the Net.
3:21 of 2nd period - Slapshot by David Kolomatis.
3:21 of 2nd period - Shot Misses the Net.
3:23 of 2nd period - Wrist shot by Christian Hanson.
3:23 of 2nd period - Stopped by Corey Crawford with a rebound.
3:25 of 2nd period - Slapshot by Tyler Randell.
3:25 of 2nd period - Stopped by Corey Crawford with a rebound.
3:27 of 2nd period - Snap shot by Christian Hanson.
3:27 of 2nd period - Stopped by Corey Crawford without a rebound.
3:28 of 2nd period - Evgeny Kuznetsov wins face-off versus Drew Shore in Sasquatch zone.
3:37 of 2nd period - Andrew Campbell is hit by Anthony Bitetto and loses puck.
4:16 of 2nd period - Dillon Heatherington is hit by Patrick Wey and loses puck.
4:53 of 2nd period - Wrist shot by Melker Karlsson.
4:53 of 2nd period - Stopped by Thomas Greiss without a rebound.
4:54 of 2nd period - Melker Karlsson wins face-off versus Christian Hanson in Patriotes zone.
4:57 of 2nd period - Snap shot by Melker Karlsson.
4:57 of 2nd period - Shot Misses the Net.
5:26 of 2nd period - Snap shot by Evgeny Kuznetsov.
5:26 of 2nd period - Shot Misses the Net.
5:46 of 2nd period - Wrist shot by Petr Straka.
5:46 of 2nd period - Shot Blocked by David Kolomatis.
6:18 of 2nd period - Off-side.
6:19 of 2nd period - Drew Shore wins face-off versus Evgeny Kuznetsov in neutral zone.
6:22 of 2nd period - Snap shot by Jeff Skinner.
6:22 of 2nd period - Stopped by Thomas Greiss with a rebound.
6:52 of 2nd period - Snap shot by Melker Karlsson.
6:52 of 2nd period - Shot Misses the Net.
6:54 of 2nd period - Snap shot by Teemu Hartikainen.
6:54 of 2nd period - Stopped by Thomas Greiss without a rebound.
6:55 of 2nd period - Melker Karlsson wins face-off versus Evgeny Kuznetsov in Patriotes zone.
6:58 of 2nd period - Snap shot by Teemu Hartikainen.
6:58 of 2nd period - Shot Misses the Net.
7:04 of 2nd period - Slapshot by Anthony Bitetto.
7:04 of 2nd period - Shot Blocked by Andrew Campbell.
7:06 of 2nd period - Snap shot by Evgeny Kuznetsov.
7:06 of 2nd period - Stopped by Corey Crawford without a rebound.
7:07 of 2nd period - Christian Hanson wins face-off versus Drew Shore in Sasquatch zone.
7:33 of 2nd period - Anthony Bitetto is hit by Teemu Hartikainen and loses puck.
8:00 of 2nd period - Wrist shot by Anthony Bitetto.
8:00 of 2nd period - Stopped by Corey Crawford with a rebound.
8:25 of 2nd period - Snap shot by Drew Shore.
8:25 of 2nd period - Shot Misses the Net.
8:39 of 2nd period - Drew Shore is hit by Matt Calvert and loses puck.
8:44 of 2nd period - Slapshot by Evgeny Kuznetsov.
8:44 of 2nd period - Shot Misses the Net.
8:56 of 2nd period - Slapshot by Dougie Hamilton.
8:56 of 2nd period - Shot Blocked by Shea Theodore.
8:58 of 2nd period - Slapshot by Dougie Hamilton.
8:58 of 2nd period - Shot Misses the Net.
9:06 of 2nd period - Wrist shot by Drew Shore.
9:06 of 2nd period - Shot Misses the Net.
9:12 of 2nd period - Wrist shot by Dougie Hamilton.
9:12 of 2nd period - Shot Misses the Net.
9:14 of 2nd period - Wrist shot by Jesper Fast.
9:14 of 2nd period - Goal by Jesper Fast - Patriotes : 0 - Sasquatch : 3.
9:15 of 2nd period - Christian Hanson wins face-off versus Melker Karlsson in neutral zone.
9:18 of 2nd period - Matt Halischuk is hit by Tyler Randell and loses puck.
9:50 of 2nd period - Snap shot by Justin Florek.
9:50 of 2nd period - Stopped by Corey Crawford with a rebound.
10:06 of 2nd period - Matt Calvert is hit by Brock Trotter and loses puck.
10:35 of 2nd period - Shea Theodore is hit by Jeff Skinner and loses puck.
10:56 of 2nd period - Evgeny Kuznetsov is hit by T.J. Tynan and loses puck.
11:06 of 2nd period - Matt Calvert is hit by Brock Trotter and loses puck.
11:13 of 2nd period - Martin Marincin is hit by Jason Zucker and loses puck.
11:47 of 2nd period - Slapshot by Jared Knight.
11:47 of 2nd period - Shot Misses the Net.
12:16 of 2nd period - Slapshot by Dougie Hamilton.
12:16 of 2nd period - Shot Misses the Net.
12:56 of 2nd period - Snap shot by Melker Karlsson.
12:56 of 2nd period - Shot Misses the Net.
13:12 of 2nd period - Shane Sims is hit by Petr Straka and loses puck.
13:27 of 2nd period - David Kolomatis is hit by Devin Shore.
13:58 of 2nd period - Wrist shot by Nicolas Deslauriers.
13:58 of 2nd period - Stopped by Thomas Greiss without a rebound.
13:59 of 2nd period - Drew Shore wins face-off versus Christian Hanson in Patriotes zone.
14:25 of 2nd period - Minor Penalty to Drew Shore for Cross-checking.
14:26 of 2nd period - Christian Hanson wins face-off versus Devin Shore in Sasquatch zone.
14:29 of 2nd period - Snap shot by Tyler Randell.
14:29 of 2nd period - Stopped by Corey Crawford with a rebound.
14:37 of 2nd period - Wrist shot by Nicolas Deslauriers.
14:37 of 2nd period - Stopped by Thomas Greiss without a rebound.
14:38 of 2nd period - Christian Hanson wins face-off versus Devin Shore in Patriotes zone.
14:45 of 2nd period - Slapshot by Timothy Kunes.
14:45 of 2nd period - Shot Misses the Net.
16:25 of 2nd period - Penalty to Drew Shore is over, Drew Shore is back on ice.
16:58 of 2nd period - Wrist shot by Melker Karlsson.
16:58 of 2nd period - Goal by Melker Karlsson - Patriotes : 0 - Sasquatch : 4.
16:59 of 2nd period - Tyler Randell wins face-off versus Drew Shore in neutral zone.
17:12 of 2nd period - Wrist shot by Jason Zucker.
17:12 of 2nd period - Shot Misses the Net.
17:24 of 2nd period - Emerson Etem is hit by Melker Karlsson and loses puck.
17:31 of 2nd period - Slapshot by Shane Sims.
17:31 of 2nd period - Stopped by Corey Crawford without a rebound.
17:32 of 2nd period - Melker Karlsson wins face-off versus Jason Zucker in Sasquatch zone.
17:32 of 2nd period - Melker Karlsson is hit by Tyler Randell.
17:40 of 2nd period - Slapshot by Teemu Hartikainen.
17:40 of 2nd period - Shot Misses the Net.
18:01 of 2nd period - Off-side.
18:02 of 2nd period - Drew Shore wins face-off versus Evgeny Kuznetsov in neutral zone.
18:02 of 2nd period - Drew Shore is hit by Evgeny Kuznetsov.
18:28 of 2nd period - Slava Voynov is hit by Christian Hanson and loses puck.
18:47 of 2nd period - Slapshot by Nicolas Deslauriers.
18:47 of 2nd period - Stopped by Thomas Greiss with a rebound.
18:49 of 2nd period - Snap shot by Dougie Hamilton.
18:49 of 2nd period - Stopped by Thomas Greiss without a rebound.
18:50 of 2nd period - T.J. Tynan wins face-off versus Evgeny Kuznetsov in Patriotes zone.
19:17 of 2nd period - Justin Florek is hit by Drew Shore and loses puck.
19:54 of 2nd period - Tyler Randell is hit by Melker Karlsson and loses puck.
Goals for this period are 0 for Patriotes vs 2 for Sasquatch.
Shots for this period are 9 for Patriotes vs 13 for Sasquatch.

3rd period


0:01 of 3rd period - Drew Shore wins face-off versus Christian Hanson in neutral zone.
0:08 of 3rd period - Slapshot by Jeff Skinner.
0:08 of 3rd period - Stopped by Thomas Greiss with a rebound.
0:14 of 3rd period - Slapshot by Anthony Bitetto.
0:14 of 3rd period - Stopped by Corey Crawford without a rebound.
0:15 of 3rd period - Melker Karlsson wins face-off versus Matt Calvert in Sasquatch zone.
0:27 of 3rd period - Timothy Kunes is hit by Teemu Hartikainen and loses puck.
0:43 of 3rd period - Minor Penalty to Drew Shore for High sticking.
0:44 of 3rd period - Devin Shore wins face-off versus Christian Hanson in Sasquatch zone.
0:55 of 3rd period - Devin Shore is hit by Christian Hanson and loses puck.
2:43 of 3rd period - Penalty to Drew Shore is over, Drew Shore is back on ice.
2:53 of 3rd period - Wrist shot by Drew Shore.
2:53 of 3rd period - Stopped by Thomas Greiss with a rebound.
2:55 of 3rd period - Slapshot by Brock Trotter.
2:55 of 3rd period - Goal by Brock Trotter - Patriotes : 0 - Sasquatch : 5.
2:56 of 3rd period - Drew Shore wins face-off versus Aleksander Barkov in neutral zone.
3:31 of 3rd period - Snap shot by Jeff Skinner.
3:31 of 3rd period - Stopped by Thomas Greiss with a rebound.
3:33 of 3rd period - Snap shot by Jesper Fast.
3:33 of 3rd period - Shot Misses the Net.
3:43 of 3rd period - Snap shot by Jesper Fast.
3:43 of 3rd period - Stopped by Thomas Greiss with a rebound.
3:45 of 3rd period - Snap shot by Jeff Skinner.
3:45 of 3rd period - Stopped by Thomas Greiss without a rebound.
3:46 of 3rd period - Christian Hanson wins face-off versus Melker Karlsson in Patriotes zone.
3:50 of 3rd period - Tyler Randell beats up Patrick Wey.
3:50 of 3rd period - Penalty to Patrick Wey for Fighting.
3:50 of 3rd period - Penalty to Tyler Randell for Fighting.
3:50 of 3rd period - Penalty to Tyler Randell for instigated a fight.
3:50 of 3rd period - Penalty to Tyler Randell for instigated and being the aggresor in a fight.
3:50 of 3rd period - Tyler Randell is ejected from game.
3:51 of 3rd period - Drew Shore wins face-off versus Jason Zucker in Patriotes zone.
4:02 of 3rd period - Snap shot by Jeff Skinner.
4:02 of 3rd period - Shot Blocked by Timothy Kunes.
4:14 of 3rd period - Jason Zucker is hit by Dougie Hamilton and loses puck.
4:25 of 3rd period - Wrist shot by Matt Halischuk.
4:25 of 3rd period - Stopped by Thomas Greiss without a rebound.
4:26 of 3rd period - Jason Zucker wins face-off versus Brock Trotter in Patriotes zone.
5:11 of 3rd period - Icing by Matt Halischuk.
5:12 of 3rd period - Drew Shore wins face-off versus Riley Barber in Sasquatch zone.
5:41 of 3rd period - Slapshot by Jason Zucker.
5:41 of 3rd period - Goal by Jason Zucker - Patriotes : 1 - Sasquatch : 5.
5:42 of 3rd period - Drew Shore wins face-off versus Jason Zucker in neutral zone.
5:50 of 3rd period - Penalty to Tyler Randell is over, Riley Barber is send on ice.
7:48 of 3rd period - Slapshot by Shea Theodore.
7:48 of 3rd period - Stopped by Corey Crawford with a rebound.
8:24 of 3rd period - Snap shot by Vince Hinostroza.
8:24 of 3rd period - Stopped by Corey Crawford without a rebound.
8:25 of 3rd period - Drew Shore wins face-off versus Evgeny Kuznetsov in Sasquatch zone.
8:41 of 3rd period - Snap shot by Matt Calvert.
8:41 of 3rd period - Stopped by Corey Crawford without a rebound.
8:42 of 3rd period - Melker Karlsson wins face-off versus Austin Watson in Sasquatch zone.
8:51 of 3rd period - David Kolomatis is hit by Matt Halischuk.
8:55 of 3rd period - Slapshot by Teemu Hartikainen.
8:55 of 3rd period - Stopped by Thomas Greiss with a rebound.
10:11 of 3rd period - Off-side.
10:12 of 3rd period - Christian Hanson wins face-off versus Teemu Hartikainen in neutral zone.
10:47 of 3rd period - Icing by Martin Marincin.
10:48 of 3rd period - Christian Hanson wins face-off versus Devin Shore in Sasquatch zone.
11:15 of 3rd period - Wrist shot by Matt Halischuk.
11:15 of 3rd period - Goal by Matt Halischuk - Patriotes : 1 - Sasquatch : 6.
11:16 of 3rd period - Drew Shore wins face-off versus Christian Hanson in neutral zone.
11:43 of 3rd period - Melker Karlsson is hit by Matt Calvert.
12:09 of 3rd period - Aleksander Barkov is hit by Slava Voynov and loses puck.
13:02 of 3rd period - Slapshot by Matt Halischuk.
13:02 of 3rd period - Stopped by Thomas Greiss with a rebound.
13:10 of 3rd period - Snap shot by Teemu Hartikainen.
13:10 of 3rd period - Stopped by Thomas Greiss with a rebound.
13:20 of 3rd period - Timothy Kunes is hit by Petr Straka and loses puck.
13:28 of 3rd period - Icing by Shane Sims.
13:29 of 3rd period - Drew Shore wins face-off versus Justin Florek in Patriotes zone.
13:34 of 3rd period - Snap shot by Jesper Fast.
13:34 of 3rd period - Stopped by Thomas Greiss with a rebound.
13:36 of 3rd period - Snap shot by Drew Shore.
13:36 of 3rd period - Stopped by Thomas Greiss with a rebound.
13:44 of 3rd period - Slapshot by Drew Shore.
13:44 of 3rd period - Stopped by Thomas Greiss with a rebound.
13:54 of 3rd period - Snap shot by Brock Trotter.
13:54 of 3rd period - Goal by Brock Trotter - Patriotes : 1 - Sasquatch : 7.
13:55 of 3rd period - Christian Hanson wins face-off versus Drew Shore in neutral zone.
13:58 of 3rd period - Patrick Wey is hit by David Kolomatis and loses puck.
14:07 of 3rd period - Snap shot by Jason Zucker.
14:07 of 3rd period - Shot Blocked by Patrick Wey.
14:09 of 3rd period - Snap shot by Jason Zucker.
14:09 of 3rd period - Shot Blocked by Dougie Hamilton.
14:11 of 3rd period - Slapshot by David Kolomatis.
14:11 of 3rd period - Stopped by Corey Crawford with a rebound.
14:28 of 3rd period - Snap shot by Melker Karlsson.
14:28 of 3rd period - Shot Blocked by Dillon Heatherington.
14:30 of 3rd period - Snap shot by Patrick Wey.
14:30 of 3rd period - Stopped by Thomas Greiss without a rebound.
14:31 of 3rd period - Christian Hanson wins face-off versus Devin Shore in Patriotes zone.
14:37 of 3rd period - Off-side.
14:38 of 3rd period - Devin Shore wins face-off versus Christian Hanson in neutral zone.
14:41 of 3rd period - Anthony Bitetto is hit by Petr Straka.
15:10 of 3rd period - Timothy Kunes is hit by Patrick Wey and loses puck.
15:25 of 3rd period - Matt Calvert is hit by Dougie Hamilton and loses puck.
15:35 of 3rd period - Icing by Sven Andrighetto.
15:36 of 3rd period - T.J. Tynan wins face-off versus Christian Hanson in Sasquatch zone.
16:22 of 3rd period - Snap shot by Jared Knight.
16:22 of 3rd period - Stopped by Corey Crawford without a rebound.
16:23 of 3rd period - Melker Karlsson wins face-off versus Jared Knight in Sasquatch zone.
16:38 of 3rd period - Slapshot by Melker Karlsson.
16:38 of 3rd period - Stopped by Thomas Greiss with a rebound.
16:48 of 3rd period - Brett Pesce is hit by Jason Zucker and loses puck.
16:57 of 3rd period - Slapshot by Jason Zucker.
16:57 of 3rd period - Deflect By Christian Hanson.
16:57 of 3rd period - Shot Blocked by Andrew Campbell.
16:57 of 3rd period - Puck is out of play.
16:58 of 3rd period - Jason Zucker wins face-off versus Melker Karlsson in Sasquatch zone.
17:33 of 3rd period - Snap shot by Matt Calvert.
17:33 of 3rd period - Goal by Matt Calvert - Patriotes : 2 - Sasquatch : 7.
17:34 of 3rd period - Christian Hanson wins face-off versus Drew Shore in neutral zone.
17:44 of 3rd period - Minor Penalty to Dougie Hamilton for Roughing.
17:45 of 3rd period - Drew Shore wins face-off versus Christian Hanson in Sasquatch zone.
17:51 of 3rd period - Slapshot by Timothy Kunes.
17:51 of 3rd period - Shot Blocked by Patrick Wey.
17:53 of 3rd period - Slapshot by Timothy Kunes.
17:53 of 3rd period - Shot Misses the Net.
17:55 of 3rd period - Wrist shot by Jason Zucker.
17:55 of 3rd period - Deflect By Austin Watson.
17:55 of 3rd period - Goal by Austin Watson - Patriotes : 3 - Sasquatch : 7.
17:56 of 3rd period - Christian Hanson wins face-off versus Drew Shore in neutral zone.
18:21 of 3rd period - Teemu Hartikainen is hit by Timothy Kunes and loses puck.
18:26 of 3rd period - Wrist shot by Evgeny Kuznetsov.
18:26 of 3rd period - Deflect By Matt Calvert.
18:26 of 3rd period - Stopped by Corey Crawford without a rebound.
18:27 of 3rd period - Melker Karlsson wins face-off versus Evgeny Kuznetsov in Sasquatch zone.
18:50 of 3rd period - 10 Minutes Misconduct Penalty to Tyler Randell is over.
18:54 of 3rd period - Austin Watson is hit by Drew Shore and loses puck.
19:01 of 3rd period - Slapshot by Christian Hanson.
19:01 of 3rd period - Stopped by Corey Crawford with a rebound.
19:03 of 3rd period - Slapshot by Timothy Kunes.
19:03 of 3rd period - Stopped by Corey Crawford with a rebound.
19:23 of 3rd period - Snap shot by Shea Theodore.
19:23 of 3rd period - Deflect By Dale Weise.
19:23 of 3rd period - Shot Hit the Post.
19:23 of 3rd period - Puck is out of play.
19:24 of 3rd period - Matt Halischuk wins face-off versus Christian Hanson in Sasquatch zone.
19:35 of 3rd period - Wrist shot by Christian Hanson.
19:35 of 3rd period - Shot Misses the Net.
19:37 of 3rd period - Slapshot by Dillon Heatherington.
19:37 of 3rd period - Deflect By Christian Hanson.
19:37 of 3rd period - Shot Misses the Net.
19:37 of 3rd period - Puck is out of play.
19:38 of 3rd period - Christian Hanson wins face-off versus Devin Shore in Sasquatch zone.
19:43 of 3rd period - Snap shot by Christian Hanson.
19:43 of 3rd period - Stopped by Corey Crawford without a rebound.
19:44 of 3rd period - Devin Shore wins face-off versus Christian Hanson in Sasquatch zone.
Goals for this period are 3 for Patriotes vs 3 for Sasquatch.
Shots for this period are 13 for Patriotes vs 17 for Sasquatch.